Map: Thunderbird LE

Players

Scorpion

  • Race: Protoss Protoss
  • Spawn Location: 5:00

Mesrob - Winner!

  • Race: Terran Terran
  • League: Platinum
  • Spawn Location: 11:00

VOD

Have the link to the VOD?

Description

Time

  • Played on: July 12, 2019, 1:35 a.m.
  • Length: 18:46
Show
View Real Time Build Order
Export as new Build Order

Scorpion Protoss 

Build Orders:  

Get SALT Encoding   

  12  0:00  Probe  
  13  0:13  Pylon  
  13  0:17  Probe  
  14  0:30  Probe  
  15  0:35  Gateway  
  15  0:39  Probe  
  16  0:47  Probe  
  16  0:56  Probe, Gateway  
  17  1:03  Assimilator  
  18  1:12  Probe  
  19  1:23  Cybernetics Core  
  19  1:24  Probe  
  20  1:31  Pylon  
  20  1:36  Probe  
  20  1:38  Zealot  
  23  1:44  Warp Gate  
  23  1:47  Probe  
  23  1:49  Assimilator  
  24  1:55  Probe  
  25  2:03  Probe  
  25  2:06  Stalker  
  28  2:50  Nexus  
  28  2:51  Pylon  
  28  2:52  Pylon  
  28  2:57  Gateway  
  28  2:58  Pylon  
  31  3:21  Probe  
  32  3:33  Probe  
  29  3:35  Gateway  
  29  3:41  Gateway  
  29  3:45  Stalker, Probe  
  32  3:51  Stalker  
  34  3:57  Probe  
  34  3:58  Probe  
  36  4:06  Probe  
  36  4:09  Probe  
  37  4:16  Probe  
  38  4:20  Forge  
  38  4:22  Probe  
  40  4:32  Zealot x3  
  40  4:33  Zealot  
  40  4:34  Probe  
  40  4:35  Probe  
  50  4:44  Protoss Ground Weapons Level 1  
  50  4:45  Probe  
  50  4:46  Probe, Robotics Facility  
  52  4:53  Probe  
  53  5:02  Probe  
  53  5:05  Forge  
  54  5:09  Stalker x2  
  58  5:28  Protoss Ground Armor Level 1  
  58  5:35  Gateway  
  58  5:37  Assimilator  
  58  5:38  Pylon x2  
  58  5:39  Assimilator, Probe x2  
  60  5:43  Immortal  
  64  5:51  Probe x2  
  64  5:53  Pylon  
  66  6:03  Probe  
  67  6:10  Robotics Bay  
  67  6:15  Shield Battery  
  67  6:17  Zealot x2  
  67  6:18  Zealot x3  
  77  6:27  Pylon  
  77  6:31  Gateway  
  77  6:32  Observer  
  77  6:33  Pylon  
  78  6:49  Observer  
  78  6:50  Twilight Council  
  79  6:56  Extended Thermal Lance  
  79  7:03  Robotics Facility  
  79  7:11  Observer  
  79  7:14  Nexus  
  79  7:15  Pylon  
  80  7:19  Stalker x3  
  80  7:21  Sentry  
  80  7:22  Sentry  
  89  7:39  Protoss Ground Weapons Level 2, Protoss Ground Armor Level 2  
  89  7:47  Probe x2, Colossus  
  91  7:51  Charge  
  97  7:59  Probe x2  
  97  8:02  Colossus  
  99  8:11  Probe x2  
  107  8:26  Gateway  
  107  8:28  Probe  
  107  8:29  Probe x2  
  107  8:30  Gateway  
  110  8:36  Probe  
  110  8:37  Probe x2  
  112  8:43  Assimilator  
  112  8:46  Probe  
  112  8:47  Assimilator  
  113  8:54  Zealot x2  
  113  8:55  Zealot x3  
  124  9:15  Colossus  
  130  9:49  Colossus  
  97  10:05  Colossus  
  91  10:07  Stalker x4  
  91  10:08  Stalker x5  
  109  10:16  Protoss Ground Weapons Level 3  
  115  10:24  Pylon  
  115  10:27  Gateway  
  115  10:34  Colossus  
  121  10:56  Robotics Facility  
  121  10:59  Pylon, Immortal  
  121  11:01  Pylon  
  125  11:05  Robotics Facility  
  125  11:19  Zealot x4  
  125  11:20  Zealot x5  
  143  11:28  Immortal  
  143  11:32  Protoss Ground Armor Level 3  
  147  11:38  Pylon, Nexus  
  147  11:40  Pylon x2  
  147  11:42  Pylon  
  147  11:50  Immortal  
  147  11:53  Immortal  
  98  12:36  Zealot x6  
  92  12:37  Zealot x2  
  90  12:54  Colossus x3  
  90  12:55  Colossus  
  90  13:05  Stalker x5  
  118  13:06  Stalker x2  
  128  13:24  Nexus  
  128  13:30  Protoss Shields Level 1  
  128  13:41  Stalker  
  128  13:42  Stalker x4  
  128  13:47  Immortal  
  76  14:41  Stalker, Zealot x3  
  76  14:42  Stalker x6  
  86  15:09  Dark Shrine  
  86  15:14  Assimilator  
  86  15:18  Assimilator  
  86  15:20  Stalker x4, Protoss Shields Level 2  
  86  15:21  Stalker x5  
  98  15:22  Stalker  
  106  15:41  Colossus x2  
  106  15:43  Colossus  
  106  15:49  Probe  
  108  15:50  Probe x2  
  127  16:09  Observer  
  127  16:34  Nexus  
  127  16:35  Pylon  
  127  16:38  Pylon  
  77  16:59  Zealot x4  
  77  17:00  Zealot x6  
  43  17:22  Dark Templar  
  43  17:23  Dark Templar x6  
  28  18:03  Dark Templar x4  
Show
View Real Time Build Order
Export as new Build Order

Mesrob Terran - Winner!

Build Orders: 2 Factory, Reaper Expand 

Get SALT Encoding   

  12  0:01  SCV  
  13  0:13  SCV  
  14  0:17  Supply Depot  
  14  0:25  SCV  
  15  0:38  SCV  
  15  0:40  Barracks  
  16  0:48  Refinery  
  16  0:50  SCV  
  17  1:02  SCV  
  18  1:14  SCV  
  19  1:27  Orbital Command  
  19  1:39  Command Center  
  19  1:42  Reaper  
  20  1:50  Refinery  
  20  1:53  SCV  
  21  2:10  SCV  
  21  2:13  Factory  
  22  2:28  SCV  
  23  2:32  Barracks Reactor  
  23  2:33  Supply Depot  
  23  2:49  Supply Depot  
  23  2:50  SCV  
  24  3:00  Factory  
  24  3:02  SCV  
  24  3:05  Orbital Command  
  25  3:16  Supply Depot  
  25  3:28  Hellion x2, Factory  
  30  3:34  SCV  
  30  3:35  SCV  
  31  3:44  Supply Depot  
  31  3:45  Factory Tech Lab  
  31  3:46  SCV  
  32  3:53  Bunker  
  32  3:54  Marine  
  33  3:58  SCV x2  
  35  4:06  Armory  
  35  4:11  Marine  
  35  4:14  Factory Tech Lab  
  35  4:15  Engineering Bay  
  36  4:19  SCV  
  36  4:20  Supply Depot, SCV  
  38  4:29  Marine  
  38  4:31  Refinery, SCV  
  40  4:42  SCV  
  40  4:44  SCV  
  40  4:45  Cyclone x2  
  48  4:46  Hellion x2  
  48  4:52  Supply Depot  
  52  4:59  Missile Turret  
  52  5:02  SCV  
  52  5:03  SCV  
  54  5:10  Terran Vehicle Weapons Level 1  
  54  5:14  SCV  
  54  5:15  Supply Depot  
  54  5:24  Missile Turret  
  54  5:25  Cyclone x2  
  54  5:27  Hellion x2  
  64  5:42  SCV x2  
  66  5:52  Missile Turret  
  66  5:54  SCV  
  66  5:56  Refinery  
  67  5:57  Cyclone x2  
  67  5:58  SCV  
  74  6:06  SCV  
  74  6:09  Supply Depot  
  74  6:10  SCV  
  80  6:11  Hellion x2  
  80  6:29  Command Center, Cyclone  
  80  6:30  Cyclone  
  86  6:37  Hellion  
  86  6:38  Supply Depot  
  88  6:44  SCV x2  
  90  6:56  SCV x2  
  90  6:57  Hellion  
  90  7:00  Hellion  
  90  7:01  Supply Depot, Cyclone  
  96  7:02  Cyclone  
  96  7:04  Terran Vehicle And Ship Armor Level 1  
  102  7:08  SCV  
  102  7:11  Mag-Field Accelerator  
  103  7:21  Hellion  
  105  7:28  SCV  
  106  7:30  SCV  
  106  7:33  Cyclone  
  106  7:34  Cyclone  
  113  7:40  SCV  
  113  7:42  Hellion x2  
  113  7:43  Missile Turret  
  118  7:53  Factory  
  118  7:55  Factory x2  
  118  8:03  Refinery, Missile Turret  
  117  8:05  Cyclone  
  117  8:12  Cyclone  
  127  8:13  Hellion x2  
  127  8:19  Armory  
  127  8:24  Missile Turret  
  127  8:27  Refinery  
  127  8:28  Orbital Command  
  127  8:32  Command Center  
  128  8:34  SCV x2  
  128  8:37  Infernal Pre-Igniter, Factory  
  129  8:46  SCV  
  129  8:47  Factory Reactor  
  129  8:48  Factory Tech Lab x2  
  130  8:52  Cyclone  
  133  8:58  Supply Depot  
  133  9:01  Supply Depot  
  133  9:02  Supply Depot  
  133  9:17  Hellion x2, SCV x3  
  133  9:20  Supply Depot, Terran Vehicle Weapons Level 2  
  140  9:25  Factory Tech Lab  
  140  9:28  Terran Vehicle And Ship Armor Level 2  
  140  9:30  Cyclone  
  143  9:32  Hellion  
  143  9:33  Hellion  
  143  9:36  Cyclone  
  150  9:39  Cyclone  
  150  9:44  Supply Depot  
  150  9:45  Neosteel Armor  
  138  9:59  Cyclone  
  122  10:00  Cyclone  
  119  10:07  Supply Depot  
  119  10:08  Cyclone  
  119  10:09  Hellion x2  
  119  10:10  Hellion x2  
  119  10:11  Cyclone  
  119  10:12  Cyclone  
  136  10:32  Cyclone  
  136  10:33  Cyclone  
  136  10:34  Hellion x2  
  146  10:43  Factory  
  146  10:46  Factory  
  146  10:51  Cyclone x2  
  152  10:59  Planetary Fortress  
  152  11:13  SCV x3  
  155  11:21  Refinery x2  
  155  11:25  SCV x3  
  156  11:28  Factory Tech Lab, Cyclone  
  156  11:29  Factory Reactor  
  156  11:31  Hellion x4  
  156  11:32  Cyclone  
  172  11:33  Cyclone  
  172  11:35  Cyclone  
  172  11:36  Cyclone  
  181  11:55  Cyclone  
  181  11:56  Hellion x2  
  181  11:57  Hellion x2  
  181  12:00  Cyclone  
  195  12:04  Cyclone  
  195  12:05  Hellion  
  179  12:18  Cyclone x2  
  179  12:20  Hellion x4  
  156  12:26  Cyclone  
  156  12:27  Cyclone  
  133  12:32  Cyclone  
  133  12:34  Hellion  
  133  12:36  Cyclone  
  122  12:50  Cyclone  
  125  12:54  SCV x2  
  127  13:00  Cyclone  
  127  13:01  Cyclone x2  
  127  13:02  Hellion x2  
  127  13:05  Cyclone  
  143  13:16  Command Center  
  143  13:50  Missile Turret  
  143  13:51  Cyclone x2  
  143  13:52  Missile Turret  
  149  14:03  Cyclone x4  
  149  14:05  Hellion x2  
  165  14:11  Missile Turret, Terran Vehicle And Ship Armor Level 3  
  165  14:13  Missile Turret  
  162  14:23  Cyclone  
  145  14:26  Cyclone  
  145  14:28  Hellion x2  
  130  14:31  Missile Turret  
  130  14:34  Missile Turret  
  130  14:35  Cyclone x2  
  122  14:43  Cyclone x2  
  122  14:45  Hellion x2  
  132  14:51  Missile Turret  
  132  14:53  Planetary Fortress  
  132  14:54  Missile Turret  
  132  14:55  Cyclone  
  135  15:04  SCV x2  
  135  15:05  SCV x2  
  139  15:10  Refinery  
  139  15:14  Missile Turret  
  139  15:16  SCV, Cyclone x4  
  139  15:17  Cyclone  
  139  15:18  Hellion  
  157  15:23  Terran Vehicle Weapons Level 3  
  157  15:35  Refinery  
  157  15:50  Cyclone  
  157  15:51  Cyclone x4  
  157  15:54  Hellion x4  
  157  15:55  Hellion x2  
  157  15:56  Cyclone  
  187  16:15  Hellion  
  187  16:16  Hellion x3  
  193  16:22  Cyclone  
  193  16:23  Cyclone  
  187  16:44  Cyclone x4  
  187  16:46  Hellion x4  
  187  16:47  Hellion x2  
  149  16:55  Cyclone x2  
  150  17:07  Hellion  
  145  17:16  Cyclone x3  
  145  17:17  Cyclone  
  151  17:26  Hellion x5  
  151  17:27  Cyclone x2  
  145  17:48  Cyclone x2  
  145  17:49  Cyclone x2  
  115  17:59  Cyclone x2  
  115  18:02  Starport  
  115  18:05  Starport  
  121  18:19  Missile Turret  
  121  18:20  Missile Turret  
  121  18:21  Missile Turret x2  
  141  18:32  Missile Turret  
  151  18:34  Sensor Tower, Missile Turret  
Tags
 
Add a new tag
Caveats
  • Supply blocks, unpowered buildings, or Contaminate may cause inaccurate times.
  • Supply counts are checked every 10 seconds.